 Dungeon Crawl Stone Soup version 0.30-a0-613-gdd512c7efb (webtiles) character file.

Game seed: 15977582639438470280

30 bmack86 the Trooper (level 3, -5/33 HPs)
             Began as a Minotaur Fighter on Jan 8, 2023.
             Slain by Grinder (7 damage)
             ... while paralysed by Grinder
             ... on level 3 of the Dungeon.
             The game lasted 00:04:21 (1581 turns).

bmack86 the Trooper (Minotaur Fighter)              Turns: 1581, Time: 00:04:22

Health: -5/33      AC:  9    Str: 22    XL:     3   Next: 3%
Magic:  2/2        EV:  2    Int:  5    God:
Gold:   203        SH:  0    Dex:  9    Spells: 2/2 levels left

rFire   + + .      SeeInvis .    a - +1 war axe
rCold   . . .      Faith    .    c - +0 buckler
rNeg    . . .      Spirit   .    l - +4 ring mail of Subjectivity {Harm Drain +Blink rF++}
rPois   .          Reflect  .    (helmet restricted)
rElec   .          Harm     +    (no cloak)
rCorr   .          Rampage  .    (no gloves)
Will    .....                    (no boots) Stlth
                                 f - amulet of the acrobat
HPRegen 0.25/turn                (no ring)
MPRegen 0.08/turn                (no ring)

@: paralysed
A: horns 2, retaliatory headbutt
a: Evoke Blink


You were on level 3 of the Dungeon.
You visited 1 branch of the dungeon, and saw 3 of its levels.

You collected 239 gold pieces.
You spent 36 gold pieces at shops.

Inventory:

Hand Weapons
 a - a +1 war axe (weapon)
Missiles
 h - 4 poisoned darts (quivered)
Armour
 b - a +0 scale mail
 c - a +0 buckler (worn)
 l - the +4 ring mail of Subjectivity (worn) {Harm Drain +Blink rF++}
   (You found it on level 3 of the Dungeon)

   rF:        It greatly protects you from fire.
   +Blink:    It lets you blink.
   Drain:     It drains your maximum health when unequipped.
   Harm:      It increases damage dealt and taken.
Jewellery
 f - an amulet of the acrobat (around neck)
Scrolls
 e - a scroll of teleportation
 i - a scroll of silence
 j - 2 scrolls of blinking
 m - a scroll of noise
Potions
 d - a potion of might
 g - a potion of brilliance
 k - 4 potions of curing
 o - a potion of flight {unknown}


   Skills:
 * Level 4.3 Fighting
 * Level 3.0 Axes
 + Level 0.5 Throwing
 + Level 3.9 Armour
 + Level 3.8 Shields


You had 2 spell levels left.
You didn't know any spells.
Your spell library contained the following spells:

 Spells                   Type           Power      Damage    Failure   Level
 Ensorcelled Hibernation  Hex/Ice        0%         N/A       86%         2
 Passwall                 Tmut/Erth      0%         N/A       86%         2
 Searing Ray              Conj           0%         2d4       86%         2
 Dazzling Flash           Conj/Hex       0%         N/A       97%         3
 Hailstorm                Conj/Ice       0%         3d3       97%         3
 Swiftness                Air            0%         N/A       97%         3
 Vhi's Electric Charge    Tloc/Air       0%         N/A       97%         3
 Anguish                  Hex/Necr       0%         N/A       100%        4
 Iskenderun's Mystic Bla  Conj/Tloc      0%         2d3       100%        4
 Arcjolt                  Conj/Air       0%         1d10      100%        5
 Freezing Cloud           Conj/Ice/Air   0%         6-21      100%        5
 Simulacrum               Ice/Necr       0%         N/A       100%        6
 Starburst                Conj/Fire      0%         6d3       100%        6
 Maxwell's Capacitive Co  Air            0%         ∞         100%        8
 Polar Vortex             Ice            0%         N/A       100%        9


Dungeon Overview and Level Annotations

Branches:
Dungeon (3/15)

Altars:

Shops:
D:2 ?

Annotations:
D:3 Grinder


Innate Abilities, Weirdness & Mutations

You have a pair of horns on your head.
You reflexively headbutt those who attack you in melee.


Message History

Pain shoots through your body!
You closely miss Grinder. Your headbutt misses Grinder.
Grinder is lightly wounded.
Grinder blinks!
Grinder grins, showing sharp teeth.
Grinder blinks!
Grinder misses you.
You slash Grinder! Your headbutt misses Grinder.
Grinder is heavily wounded.
Grinder blinks!
Grinder attacks as you move away! Grinder hits you but does no damage.
Grinder blinks!
Grinder misses you. Grinder gestures at you.
You suddenly lose the ability to move!
Grinder blinks!
You can move again.
You block Grinder's attack.
You barely miss Grinder. You headbutt Grinder, but do no damage.
Grinder is heavily wounded.
Grinder hits you! Grinder gestures at you.
You suddenly lose the ability to move!
Grinder blinks! x2
You can move again.
Grinder barely misses you.
You hit Grinder. Your headbutt misses Grinder.
Grinder is heavily wounded.
Grinder hits you but does no damage.
You barely miss Grinder.
Grinder is heavily wounded.
Grinder hits you!
You writhe in agony.
Grinder gestures at you.
You suddenly lose the ability to move!
Grinder hits you.
* * * LOW HITPOINT WARNING * * *
You writhe in agony.
* * * LOW HITPOINT WARNING * * *
Grinder hits you.
You die...

##### ########### #...#
#.........#
######...######.#######.#
......<.......#.# #.#
###.............# #.#
#.........#.### #.#
###.........#.#########.########
#..########.#..................#
...# ..P.##....5@.........[.##.#
##.#...b..#.##.##.##.##.###.##.##
#.##....##....##.##.##.# #......
#.# ### #..####.##.##.# #..###.
#.# #### #.##.##.###..# #. ...
..# #.#...#†.###.###. ###
...#########........###..... .
..............###....####.## .###
#...####.###..# #....# #.#


You could see Grinder.

Vanquished Creatures
  A dart slug (D:2)
  2 endoplasms
  3 goblins (D:2)
  3 hobgoblins
  2 kobolds
  3 quokkas
  2 ball pythons
  5 bats
  5 frilled lizards
  A rat (D:1)
  2 toadstools (D:1)
29 creatures vanquished.

Vanquished Creatures (others)
  6 fungi (D:1)
  2 toadstools (D:1)
8 creatures vanquished.

Grand Total: 37 creatures vanquished

Notes
Turn   | Place    | Note
-------+----------+-------------------------------------------
     0 | D:1      | bmack86 the Minotaur Fighter began the quest for the Orb.
     0 | D:1      | Reached XP level 1. HP: 19/19 MP: 0/0
   465 | D:2      | Reached skill level 4 in Fighting
   465 | D:2      | Reached XP level 2. HP: 27/27 MP: 1/1
   594 | D:2      | Got the Elucidation of the Salvo and Guile
   784 | D:2      | Found The Oracle's Delphic Readings.
   790 | D:2      | Bought a scroll of identify for 24 gold pieces
   790 | D:2      | Bought a scroll of noise for 12 gold pieces
  1242 | D:3      | Reached XP level 3. HP: 33/33 MP: 2/2
  1366 | D:3      | Identified the +4 ring mail of Subjectivity {Harm Drain
                  | +Blink rF++}
  1545 | D:3      | Noticed Grinder
  1566 | D:3      | Paralysed by Grinder for 2 turns
  1570 | D:3      | Paralysed by Grinder for 4 turns
  1579 | D:3      | Paralysed by Grinder for 3 turns
  1581 | D:3      | Slain by Grinder

Illustrated notes

Levels and vault maps discovered:
D:1:      dpeg_arrival_stone_temple_mockup, layout_rooms,
          minmay_gold_behind_fungi, due_unseen_surprise
D:2:      layout_loops_ring, nicolae_nh_oracle_at_delphi
D:3:      layout_loops_ring, serial_aquarium, aquarium_bridge_straight
          [aquarium_subvault_bridge, aquarium_subvault_balcony,
          aquarium_subvault_bridge, aquarium_subvault_window],
          aquarium_bridge_square [aquarium_subvault_wall,
          aquarium_subvault_bridge, aquarium_subvault_wall,
          aquarium_subvault_wall], aquarium_window_1, aquarium_window_1,
          aquarium_view_2f, aquarium_pool_side, grunt_decor_one_mirror,
          uniq_grinder

Skill      XL: |  1  2 |
---------------+-------+-----
Fighting       | 4 |  4.3
Axes           | 3 |  3.0
Throwing       | |  0.5
Armour         | |  3.9
Shields        | |  3.8

Action                   || total
-------------------------++-------
Melee: War axe           ||    73
       Headbutt          ||    11
  Use: Scroll            ||     6
Armor: Scale mail        ||    30
       Ring mail         ||     3
Dodge: Dodged            ||    48
Block: Buckler           ||    22

Table legend: (Time is in decaauts)
 A = Elapsed time spent in this place.
 B = Non-inter-level travel time spent in this place.
 C = Inter-level travel time spent in this place.
 D = Time resting spent in this place.
 E = Time spent auto-exploring this place.
 F = Levels seen in this place.
 G = Mean time per level.
                   A        B        C        D        E       F      G
               +--------+--------+--------+--------+--------+-----+--------+
         Total |   1611 |   1575 |     36 |      0 |   1108 |   3 |  537.0 |
       Dungeon |   1611 |   1575 |     36 |      0 |   1108 |   3 |  537.0 |
               +--------+--------+--------+--------+--------+-----+--------+

Top non-repeatable levels by time:
     D:2: 730 daAuts
     D:1: 466 daAuts
     D:3: 414 daAuts
